 Dungeon Crawl Stone Soup version 0.28-a0-1235-g7c8fac35f0 (webtiles) character file.

Game seed: 2997021703557283159

3 Zonian the Magician (level 1, -1/15 HPs)
             Began as a Djinni Fire Elementalist on Dec 25, 2021.
             Slain by a quokka (2 damage)
             ... on level 1 of the Dungeon.
             The game lasted 00:00:32 (67 turns).

Zonian the Magician (Djinni Fire Elementalist)        Turns: 67, Time: 00:00:33

Health: -1/15      AC:  2    Str:  7    XL:     1   Next: 55%
Gold:   0          EV: 12    Int: 16    God:
                   SH:  0    Dex: 13

rFire   + + .      SeeInvis .   (no weapon)
rCold   x . .      Faith    .   (no shield)
rNeg    . . .      Spirit   .   a - +0 robe
rPois   ∞          Reflect  .   (no helmet)
rElec   .          Harm     .   (no cloak)
rCorr   .          Rampage  .   (no gloves)
Will    .....                   (boots unavailable)
Stlth   ++........              (no amulet)
HPRegen 0.05/turn               (no ring)
MPRegen 0.00/turn               (no ring)

@: flying
A: sickness immunity, fire resistance 2, cold vulnerability 1, float, innate
caster, hp casting, extra vitality 1
a: no special abilities


You were on level 1 of the Dungeon.
You visited 1 branch of the dungeon, and saw 1 of its levels.

Inventory:

Armour
 a - a +0 robe (worn)


   Skills:
 + Level 2.3 Dodging
 + Level 1.6 Stealth
 + Level 2.4 Spellcasting


You couldn't memorise any spells.
You knew the following spells:

 Your Spells              Type           Power      Damage    Failure   Level
a - Foxfire               Conj/Fire      36%        2x1d5     7%          1
b - Scorch                Fire           18%        2d5       11%         2
c - Conjure Flame         Conj/Fire      9%         6-21      22%         3
d - Inner Flame           Hex/Fire       9%         N/A       22%         3
e - Flame Wave            Conj/Fire      9%         2d4       56%         4
Your spell library was empty.

Dungeon Overview and Level Annotations

Branches:
Dungeon (1/15)

Altars:


Innate Abilities, Weirdness & Mutations

You are immune to sickness and miasma.
You are immune to poison.
Your flesh is very heat resistant. (rF++)
You are vulnerable to cold. (rC-)
You float through the air rather than walking.
You learn spells naturally, not from books.
Your magical power is your life essence.
You have superior vitality. (+4 MHP)


Message History

Your foxfire dissipates!
A quokka comes into view.
The bat hits you but does no damage.
Unknown command.
Unknown command.
You conjure some foxfire!
The bat hits you. x2; The foxfire hits the goblin.
The goblin is heavily wounded.
A goblin comes into view. It is wielding a +0 dagger.
Unknown command.
The foxfire hits the bat.
You kill the bat!
Unknown command.
The quokka twitches its whiskers.
Your magical contamination has completely faded away.
You conjure some foxfire!
The goblin closely misses you.
Unknown command.
The foxfire hits the goblin.
You kill the goblin!
Unknown command.
You conjure some foxfire!
The quokka bites you.
Unknown command.
The foxfire hits the quokka but does no damage.
The quokka bites you.
* * * LOW HITPOINT WARNING * * *
The quokka misses you.
Unknown command.
The quokka barely misses you.
You are too injured to fight recklessly!
Unknown command.
Casting: Foxfire (safe; 7% risk of failure)
Confirm with . or Enter, or press ? or * to list all spells.
Okay, then.
The goblin shouts!
The quokka barely misses you.
The quokka bites you but does no damage.
The quokka bites you.
* * * LOW HITPOINT WARNING * * *
Found 21 stones.
The quokka bites you.
You die...

#.#####.#........
#.......###..##..
######....g.....
##....#g####..##. .#
##.#..##.#.. .).. . #.
#.##..##.#.#.#=##. #.#
##.##...g.#.#......
#..###..##.#####.....##.
#..#..###..g..r@.......
#..#..# #######........
#...## ......... #.<.#
#......#.. #(..#
#......... #..#..#
.......### #..#..#
......(.. ..###..
.........# #.# #.#


You could see a quokka and a goblin.

Vanquished Creatures
  A bat (D:1)
  A goblin (D:1)
  A kobold (D:1)
3 creatures vanquished.

Vanquished Creatures (others)
  4 foxfires (D:1)
4 creatures vanquished.

Grand Total: 7 creatures vanquished

Notes
Turn   | Place    | Note
-------+----------+-------------------------------------------
     0 | D:1      | Zonian the Djinni Fire Elementalist began the quest for the
                  | Orb.
     0 | D:1      | Reached XP level 1. HP: 15/15 MP: 0/0
    67 | D:1      | Slain by a quokka

Illustrated notes

Levels and vault maps discovered:
D:1:      dpeg_arrival_simpleton_a, layout_basic, serial_glass, glass_columns_b,
          glass_columns_a

Action                   || total
-------------------------++-------
 Cast: Foxfire           ||     5
Armor: Robe              ||     3
Dodge: Dodged            ||     5

Table legend: (Time is in decaauts)
 A = Elapsed time spent in this place.
 B = Non-inter-level travel time spent in this place.
 C = Inter-level travel time spent in this place.
 D = Time resting spent in this place.
 E = Time spent auto-exploring this place.
 F = Levels seen in this place.
 G = Mean time per level.
                   A        B        C        D        E       F      G
               +--------+--------+--------+--------+--------+-----+--------+
         Total |     67 |     67 |      0 |      0 |     22 |   1 |   67.0 |
       Dungeon |     67 |     67 |      0 |      0 |     22 |   1 |   67.0 |
               +--------+--------+--------+--------+--------+-----+--------+

Top non-repeatable levels by time:
     D:1: 67 daAuts
